 Dungeon Crawl Stone Soup version 0.23.0 (webtiles) character file.

Game seed: 13110446761795088556

294 Borgoz the Skirmisher (level 6, 0/52 HPs)
             Began as a Ghoul Monk on Feb 18, 2019.
             Slain by a sky beast (1 damage)
             ... on level 4 of the Dungeon.
             The game lasted 00:06:51 (3254 turns).

Borgoz the Skirmisher (Ghoul Monk)                  Turns: 3254, Time: 00:06:51

Health: 0/52       AC:  3    Str: 15    XL:     6   Next: 33%
Magic:  5/5        EV: 13    Int:  6    God:
Gold:   179        SH:  0    Dex: 14    Spells: 5/5 levels left

rFire    . . .     SeeInvis .   a - +0 short sword
rCold    + . .     Gourm    .   (no shield)
rNeg     + + +     Faith    .   j - +0 leather armour
rPois    ∞         Spirit   .   (no helmet)
rElec    .         Reflect  .   (no cloak)
rCorr    .         Harm     .   (no gloves)
MR       .....                  (no boots)
Stlth    ++........             g - amulet of the acrobat
HPRegen  0.00/turn              i - +2 ring of dexterity
MPRegen  0.09/turn              (no ring)

@: flying, rotting
A: rotting body, claws 1, carnivore, cold resistance 1, negative energy
resistance 3, inhibited regeneration, torment resistance, unbreathing
a: no special abilities


You were on level 4 of the Dungeon.
You were not hungry.

You visited 1 branch of the dungeon, and saw 5 of its levels.

You collected 179 gold pieces.

Inventory:

Hand Weapons
 a - a +0 short sword (weapon)
Missiles
 q - a throwing net (quivered)
Armour
 b - a +0 robe
 j - a +0 leather armour (worn)
Jewellery
 g - an amulet of the acrobat (around neck)
 i - a +2 ring of dexterity (left claw)
Scrolls
 d - 4 scrolls of immolation {unknown}
 e - 3 scrolls of remove curse {unknown}
 f - 2 scrolls of teleportation {unknown}
 k - a scroll of random uselessness {unknown}
 l - 3 scrolls of amnesia {unknown}
 m - 2 scrolls of identify {unknown}
 n - 4 scrolls of fear {unknown}
 p - a scroll of enchant weapon {unknown}
 s - a scroll of noise {unknown}
Potions
 r - a potion of curing
Comestibles
 c - 9 rations


   Skills:
 + Level 4.1 Fighting
 * Level 4.0 Short Blades
 + Level 1.7 Armour
 * Level 4.0 Dodging
 + Level 3.6 Stealth


You had 5 spell levels left.
You didn't know any spells.
Your spell library contained the following spells:

 Spells                   Type           Power        Failure   Level  Hunger
 Summon Small Mammal      Summ           #...         52%         1    ##.....
 Call Imp                 Summ           #.......     67%         2    ###....
 Call Canine Familiar     Summ           #.......     88%         3    ####...
 Summon Guardian Golem    Hex/Summ       #.......     88%         3    ####...
 Summon Ice Beast         Ice/Summ       #.......     99%         4    #####..
 Summon Lightning Spire   Summ/Air       #.......     99%         4    #####..


Dungeon Overview and Level Annotations

Branches:
Dungeon (5/15)             Temple (0/1) D:5

Altars:
Dithmenos
Hepliaklqana
Makhleb
Vehumet
Xom
Yredelemnul

Annotations:
D:3 3 runed translucent doors, xccam's ghost, amateur DrTm
D:5 Eustachio


Innate Abilities, Weirdness & Mutations

Your body is rotting away.
You thrive on raw meat.
You are immune to poison.
You have sharp fingernails.
You are carnivorous and can eat meat at any time.
Your flesh is cold resistant. (rC+)
You are immune to negative energy. (rN+++)
You do not regenerate when monsters are visible.
You are immune to unholy pain and torment.
You can survive without breathing.


Message History

There is a stone staircase leading down here.
Deactivating autopickup; reactivate with Ctrl-A.
You hit something. Something hits you. Something shocks you.
You barely miss something. Something hits you. Something shocks you.
You barely miss something. Something hits you. Something shocks you.
You hit something but do no damage. Something barely misses you.
You hit something but do no damage. Something hits you. Something shocks you.
You miss something. Something hits you. Something shocks you.
* * * LOW HITPOINT WARNING * * *
It was a potion of magic.
Magic courses through your body.
A sky beast appears from thin air!
Reactivating autopickup.
The sky beast hits you.
* * * LOW HITPOINT WARNING * * *
The sky beast shocks you.
* * * LOW HITPOINT WARNING * * *
It was a potion of flight.
You feel very buoyant.
You fly up into the air.
The sky beast hits you.
You die...

##..# #..###.....#
##..###..##......#
.##..#..##..##...#
...........###...#
.................#
...........).....#
.................#
................Y#
..#..#.##..###..@#
##############...#
#.....# #.....#
#.....# #######


You could see a sky beast.

Vanquished Creatures
  An ogre (D:4)
  Ijyb (D:3)
  An orc wizard (D:4)
  A worker ant (D:3)
  3 adders
  A shadow imp (D:4)
  2 oozes (D:3)
  A worm (D:3)
  2 dart slugs
  2 leopard geckos
  6 orcs
  6 bats
  4 giant cockroaches
  5 goblins
  7 hobgoblins
  7 jackals
  8 kobolds
  A quokka (D:4)
  A ball python (D:1)
  8 frilled lizards
  10 rats
78 creatures vanquished.

Notes
Turn   | Place    | Note
-------+----------+-------------------------------------------
     0 | D:1      | Borgoz the Ghoul Monk began the quest for the Orb.
     0 | D:1      | Reached XP level 1. HP: 19/19 MP: 0/0
    59 | D:1      | Reached XP level 2. HP: 20/25 MP: 1/1
   288 | D:1      | Reached XP level 3. HP: 25/31 MP: 2/2
  1191 | D:2      | Found a burning altar of Makhleb.
  1191 | D:2      | Found a radiant altar of Vehumet.
  1320 | D:3      | Reached XP level 4. HP: 31/38 MP: 3/3
  1359 | D:3      | Noticed Ijyb
  1364 | D:3      | Paralysed by Ijyb for 3 turns
  1389 | D:3      | Paralysed by Ijyb for 7 turns
  1414 | D:3      | Killed Ijyb
  1414 | D:3      | Reached skill level 1 in Armour
  1729 | D:3      | Reached XP level 5. HP: 33/45 MP: 4/4
  2183 | D:3      | Found a runed translucent gate.
  2183 | D:3      | Found a runed translucent gate.
  2183 | D:3      | Found a runed translucent gate.
  2203 | D:3      | Noticed xccam's ghost (amateur DrTm)
  2275 | D:4      | Noticed an ogre
  2291 | D:4      | Killed an ogre
  2291 | D:4      | Reached XP level 6. HP: 27/52 MP: 5/5
  2655 | D:4      | Found a hazy altar of Hepliaklqana.
  2676 | D:4      | Found a shadowy altar of Dithmenos.
  2676 | D:4      | Found a shimmering altar of Xom.
  2677 | D:4      | Found a basalt altar of Yredelemnul.
  3105 | D:5      | Entered Level 5 of the Dungeon
  3108 | D:5      | Noticed Eustachio
  3237 | D:5      | Noticed a sky beast
  3239 | D:5      | Found a staircase to the Ecumenical Temple.
  3253 | D:4      | HP: 1/52 [sky beast (6)]
  3254 | D:4      | Slain by a sky beast

Skill      XL: |  1  2  3  4  5  6 |
---------------+-------------------+-----
Dodging        | 3 4 |  4.0
Short Blades   | 3 4 |  4.0
Stealth        | 3 |  3.6
Armour         | 1 |  1.7
Fighting       | 4 |  4.1

Action                   |  1- 3 |  4- 6 || total
-------------------------+-------+-------++-------
Melee: Short sword       |   152 |   219 ||   371
  Use: Potion            |       |     4 ||     4
 Stab: Sleeping          |     5 |     6 ||    11
  Eat: Chunk             |    15 |     8 ||    23
Armor: Robe              |    16 |       ||    16
       Leather armour    |     8 |    26 ||    34
Dodge: Dodged            |    97 |   137 ||   234
